 Dungeon Sprint DCSS version 0.21-a0-104-g7b58145 (webtiles) character file.

10 Kidiri the Sneak (level 2, -3/14 HPs)
             Began as a Spriggan Enchanter on July 6, 2017.
             Slain by a merfolk siren
             ... wielding a +4 spear
              (17 damage)
             ... in the Dungeon (Sprint II: "The Violet Keep of Menkaure").
             The game lasted 00:01:59 (428 turns).

Kidiri the Sneak (Spriggan Enchanter)                Turns: 428, Time: 00:02:00

Health: -3/14      AC:  2    Str:  4    XL:     2   Next: 10%
Magic:  2/7        EV: 19    Int: 16    God:
Gold:   243        SH:  0    Dex: 16    Spells: 5/8 levels left

rFire    . . .     SeeInvis +   a - +1 dagger
rCold    . . .     Gourm    .   (shield restricted)
rNeg     . . .     Faith    .   b - +0 robe
rPois    .         Spirit   .   (helmet restricted)
rElec    .         Reflect  .   (no cloak)
rCorr    .         Harm     .   (gloves unavailable)
MR       .....     NoTele   +   (boots unavailable)
Stlth    +++.......             (no amulet)
HPRegen  0.04/turn              (no ring)
MPRegen  0.10/turn              (no ring)

@: mesmerised, very slightly contaminated, very quick
A: unfitting armour, see invisible, herbivore 3, speed 3, slow metabolism 2
a: no special abilities


You were in the Dungeon.
You were not hungry.

You visited 1 branch You collected 243 gold pieces.

Inventory:

Hand Weapons
 a - a +1 dagger (weapon)
Armour
 b - a +0 robe (worn)
Scrolls
 j - a scroll of blinking
Potions
 e - a potion of curing
 g - a potion of haste
Books
 c - a book of Maledictions

   Spells                             Type                      Level
   a - Corona                         Hexes                        1
   b - Ensorcelled Hibernation        Hexes/Ice                    2
   c - Confuse                        Hexes                        3
   d - Tukima's Dance                 Hexes                        3
   e - Dazzling Spray                 Conjuration/Hexes            3
Comestibles
 d - a bread ration


   Skills:
 + Level 0.5 Fighting
 * Level 1.8 Short Blades
 + Level 0.5 Armour
 * Level 3.9 Dodging
 * Level 5.3 Stealth
 * Level 3.5 Spellcasting
 + Level 4.1 Hexes


You had 5 spell levels left.
You knew the following spells:

 Your Spells              Type           Power        Failure   Level  Hunger
a - Corona                Hex            ###....      3%          1    None
b - Ensorcelled Hibernat  Hex/Ice        #.....       12%         2    ##.....


Dungeon Overview and Level Annotations

Branches:
Dungeon (1/1)

Altars:


Innate Abilities, Weirdness & Mutations

You are very small and have problems with some larger weapons.
You are too small for most types of armour.
You have supernaturally acute eyesight. (SInv)
You are a herbivore.
You cover ground extremely quickly.
You need consume almost no food.


Message History

You miscast Ensorcelled Hibernation.
You are very lightly contaminated with residual magic.
You shiver with cold.
The merfolk siren chants its luring song.
Casting: Ensorcelled Hibernation
Confirm with . or Enter, or press ? or * to list all spells.
Aiming: Ensorcelled Hibernation
Press: ? - help, Shift-Dir - straight line, f/p - merfolk siren
Aim: a merfolk siren, wielding an enchanted spear (heavily wounded, mesmerising, chance to defeat MR: 12%)
The merfolk siren resists with almost no effort.
The merfolk siren chants its luring song.
Casting: Ensorcelled Hibernation
Confirm with . or Enter, or press ? or * to list all spells.
Aiming: Ensorcelled Hibernation
Press: ? - help, Shift-Dir - straight line, f/p - merfolk siren
Aim: a merfolk siren, wielding an enchanted spear (heavily wounded, mesmerising, chance to defeat MR: 12%)
The merfolk siren resists with almost no effort.
The merfolk siren hits you with an enchanted spear!
Ouch! That really hurt!
You die...

## ## ##. .##
### #.m#..# ..#
## #.@.####..##
#.###'###.##..#
#H##.##.###..#
##+.<.+##.+..###
#H##.##...#..§.#
#.#
#+###.##..§...≈≈
## .##
###§≈.....≈# 3#
≈≈≈≈≈≈..≈# ##
≈≈†≈§≈≈≈.≈#


You could see a merfolk siren.

Vanquished Creatures
  3 worms (D)
3 creatures vanquished.

Vanquished Creatures (others)
  Menkaure (D)
  A crocodile (D)
2 creatures vanquished.

Grand Total: 5 creatures vanquished

Notes
Turn   | Place    | Note
-------+----------+-------------------------------------------
     0 | D        | Kidiri the Spriggan Enchanter began the quest for the Orb.
     0 | D        | Reached XP level 1. HP: 9/9 MP: 5/5
     1 | D        | Noticed a neqoxec
     4 | D        | Noticed a hippogriff
     4 | D        | Noticed a hippogriff
     7 | D        | Noticed a merfolk siren
    16 | D        | Killed a crocodile
    64 | D        | Killed Menkaure
   143 | D        | Reached skill level 5 in Stealth
   150 | D        | Reached XP level 2. HP: 14/14 MP: 5/7
   156 | D        | Learned a level 2 spell: Ensorcelled Hibernation
   428 | D        | Slain by a merfolk siren

Vault maps used:
D:        the_violet_keep_of_menkaure

Skill      XL: |  1 |
---------------+----+-----
Stealth        | 5 |  5.3
Spellcasting   | 3 |  3.5
Hexes          | 4 |  4.1
Fighting       | |  0.5
Short Blades   | |  1.8
Armour         | |  0.5
Dodging        | |  3.9

Action                   || total
-------------------------++-------
Melee: Dagger            ||    14
 Cast: Ensorcelled Hiber ||     9
  Use: Potion            ||     4
 Stab: Sleeping          ||     2
Dodge: Dodged            ||     9
